 Dungeon Crawl Stone Soup version 0.16-a0-357-g0c033bd (webtiles) character file.

5821 PolkaDot the Summoner (level 10, 0/63 HPs)
             Began as a Vampire Summoner on Sept 10, 2014.
             Was a High Priest of Sif Muna.
             Slain by Erica
             ... wielding a +0 scimitar of flaming
              (1 damage)
             ... on Level 10 of the Dungeon.
             The game lasted 00:56:21 (12405 turns).

PolkaDot the Summoner (Vampire Summoner)           Turns: 12405, Time: 00:56:21

HP   0/63        AC  6     Str  7      XL: 10   Next: 51%
MP   2/16        EV 21     Int 20      God: Sif Muna [*****.]
Gold 1641        SH  0     Dex 19      Spells:  4 memorised,  0 levels left

rFire  . . .     SeeInvis +     g - +1 halberd
rCold  . . .     Clarity  .     k - steam dragon hide
rNeg   . . .     rCorr    .     (no shield)
rPois  .         rRot     .     (no helmet)
rElec  .         Spirit   .     s - +0 cloak
SustAb +         Warding  .     j - +1 pair of gloves
rMut   .         Stasis   .     f - +0 pair of boots
Gourm  .                        (no amulet)
MR     +....                    i - +3 ring of evasion
                                p - ring of sustain abilities

@: confused, agile, lethally poisoned, regenerating quickly, somewhat resistant
to hostile enchantments, unstealthy
A: bottle blood, fangs 3, see invisible, unbreathing
a: Bottle Blood, Channel Energy, Forget Spell, Renounce Religion


You were on level 10 of the Dungeon.
You worshipped Sif Muna.
Sif Muna was extremely pleased with you.
You were full.

You visited 2 branches of the dungeon, and saw 11 of its levels.
You also visited: Sewer and Bailey.

You collected 1641 gold pieces.

Inventory:

Hand weapons
 g - a +1 halberd (weapon)
 w - a +1 glaive
Armour
 f - a +0 pair of boots (worn)
 j - a +1 pair of gloves (worn)
 k - a steam dragon hide (worn)
 s - a +0 cloak (worn)
Magical devices
 a - a wand of lightning (0)
 o - a wand of confusion (9)
 r - a wand of lightning (5)
 u - a wand of random effects (8)
 y - a wand of paralysis (7)
 z - a wand of invisibility (4)
 A - a wand of cold (8)
Scrolls
 d - a scroll of recharging
 e - a scroll of silence
 l - a scroll of enchant weapon
 q - 4 scrolls of amnesia
 t - 3 scrolls of fog
 v - 3 scrolls of identify
Jewellery
 i - a +3 ring of evasion (right hand)
 p - a ring of sustain abilities (left hand)
Potions
 h - 2 potions of flight
 n - a potion of restore abilities
Books
 b - a book of Callings

   Spells                             Type                      Level
   Summon Small Mammal                Summoning                    1
   *Call Imp                          Summoning                    2
   *Call Canine Familiar              Summoning                    3
   Summon Guardian Golem              Hexes/Summoning              4
   *Summon Lightning Spire            Summoning/Air                4
   *Summon Ice Beast                  Ice/Summoning                4
 c - a book of the Warp

   Spells                             Type                      Level
   Control Teleport                   Charms/Translocation         4
   Phase Shift                        Translocation                5
   Warp Weapon                        Charms/Translocation         5
   Dispersal                          Translocation                6
   Controlled Blink                   Translocation                7
   Disjunction                        Translocation                8
 m - a book of Clouds

   Spells                             Type                      Level
   Mephitic Cloud                     Conjuration/Poison/Air       3
   Conjure Flame                      Conjuration/Fire             3
   Poisonous Cloud                    Conjuration/Poison/Air       6
   Freezing Cloud                     Conjuration/Ice/Air          6
   Ring of Flames                     Charms/Fire                  7


   Skills:
 - Level 4.6 Polearms
 - Level 2.1 Dodging
 - Level 3.0 Stealth
 - Level 2.0 Spellcasting
 - Level 10.0 Summonings
 - Level 10.0 Ice Magic
 + Level 6.2 Air Magic


You couldn't memorise any spells.
You knew the following spells:

 Your Spells              Type           Power        Failure   Level  Hunger
a - Summon Lightning Spi  Summ/Air       ####....     8%          4    #####..
d - Call Canine Familiar  Summ           #####...     1%          3    ###....
i - Summon Ice Beast      Ice/Summ       #####...     2%          4    #####..
s - Call Imp              Summ           #####...     1%          2    ##.....


Dungeon Overview and Level Annotations

Branches:
Dungeon (10/15)            Temple (1/1) D:5             Orc (0/4) D:9
   Lair: D:8-11

Altars:
Ashenzari
Cheibriados
Dithmenos
Elyvilon
Fedhas
Gozag
Kikubaaqudgha
Makhleb
Nemelex Xobeh
Okawaru
Qazlal
Sif Muna
Trog
Vehumet
Xom
Yredelemnul
Zin
The Shining One

Annotations:
D:2 exclusion: oklob plant
D:10 Erica


Innate Abilities, Weirdness & Mutations

Your natural rate of healing is unusually fast.
You can bottle blood from corpses.
You have razor-sharp teeth.
You have supernaturally acute eyesight.
You can survive without breathing.


Message History

You feel sick.
Your wolf closely misses Erica.
Erica gestures at you while chanting.
Your ice beast appears confused.
Your wolf barely misses Erica.
Erica points at you and mumbles some strange words.
You are confused.
Drink which item? (? for menu, Esc to quit)
Okay, then.
* * * LOW HITPOINT WARNING * * *
You feel sick.
Your wolf closely misses Erica.
Your ice beast hits Erica but does no damage.
You barely miss Erica.
Erica is almost dead.
* * * LOW HITPOINT WARNING * * *
You feel sick.
Your wolf bites Erica.
Your ice beast hits your wolf.
Your ice beast freezes your wolf!
Erica hits you with a scimitar of flaming!
* * * LOW HITPOINT WARNING * * *
Erica burns you.
You die...

................#.....
>...............#....(.
................#.......
.........>......#...PP...
.......%........#........
#####...........#........
..........................
....(.............h.......
................@@Y.......
....#####################
..<............#.....#
.....[.[.......#.....#
....>..........#.....#
################.....############
!.......[......#................#
...............#................'
...............#............h...#


You could see Erica, a friendly ice beast (confused) and a friendly wolf.

Vanquished Creatures
  Psyche (D:8)
  A hydra zombie (D:6)
  A hippogriff (D:7)
  2 yaks (D:9)
  A wyvern (D:8)
  A sky beast (D:5)
  An ogre (D:4)
  An orc warrior (D:9)
  3 centaurs
  2 giant frogs
  A big kobold (D:9)
  A cyclops skeleton (D:9)
  2 jellies
  2 crimson imps
  4 iguanas
  An orc wizard (D:7)
  4 hounds
  A worker ant (D:4)
  An ogre skeleton (D:6)
  2 sky beast zombies
  A hound skeleton (D:7)
  A hound zombie (D:7)
  5 adders
  11 gnolls
  3 shadow imps
  4 worms
  An adder zombie (D:7)
  An adder skeleton (D:7)
  8 giant geckos
  13 orcs
  Natasha (D:3)
  21 hobgoblins
  10 jackals
  4 quokkas
  A ball python (D:1)
  14 bats
  4 giant cockroaches
  4 giant newts
  11 goblins
  21 kobolds
  2 kobold skeletons
  An orc zombie (D:5)
  12 rats
  A ballistomycete (D:10)
  A fungus (D:5)
189 creatures vanquished.

Vanquished Creatures (collateral kills)
  Erolcha (D:8)
  A hill giant (D:10)
  An ugly thing (D:10)
  An orc knight (Bailey)
  Maurice (D:10)
  A troll (D:9)
  Grinder (D:6)
  A yak (D:9)
  A deep elf mage (D:9)
  A steam dragon (D:10)
  A hippogriff (D:8)
  8 orc warriors
  Purgy (Sewer)
  An ice beast (D:8)
  2 ogres
  2 phantoms
  A crocodile (D:8)
  2 big kobolds
  A centaur (D:10)
  Duvessa (D:8)
  4 giant frogs
  3 wights (D:9)
  8 killer bees
  3 crimson imps
  Dowan (D:8)
  2 hounds
  4 orc priests
  4 orc wizards
  Crazy Yiuf (D:5)
  Natasha (twice) (D:3)
  An iguana (D:3)
  A worker ant (D:9)
  7 gnolls
  A green rat (D:10)
  5 adders
  A shadow imp (D:9)
  An adder zombie (D:8)
  A giant gecko (D:10)
  25 orcs
  2 giant cockroaches
  4 goblins
  2 hobgoblins (Bailey)
  A quokka (D:8)
  A bat (D:9)
  24 kobolds
  A ballistomycete (D:10)
140 creatures vanquished.

Vanquished Creatures (others)
  3 wolves
  17 ice beasts
  10 hounds
  An elf zombie (D:10)
  A white imp (Sewer)
  A quokka (D:1)
  A giant spore (D:10)
  12 toadstools (D:2)
46 creatures vanquished.

Grand Total: 375 creatures vanquished

Notes
Turn   | Place    | Note
--------------------------------------------------------------
     0 | D:1      | PolkaDot, the Vampire Summoner, began the quest for the Orb.
     0 | D:1      | Reached XP level 1. HP: 13/13 MP: 3/3
   416 | D:1      | Reached XP level 2. HP: 14/19 MP: 4/4
   892 | D:1      | Learned a level 2 spell: Call Imp
   999 | D:2      | Reached skill level 1 in Polearms
  1054 | D:2      | Reached XP level 3. HP: 24/24 MP: 6/6
  1059 | D:2      | Learned a level 3 spell: Call Canine Familiar
  1492 | D:2      | Found a blossoming altar of Fedhas.
  1514 | D:2      | Noticed an oklob plant
  2332 | D:3      | Noticed Natasha
  2518 | D:3      | Noticed a phantom
  2557 | D:3      | Killed a phantom
  2557 | D:3      | Reached skill level 5 in Summonings
  2557 | D:3      | Reached XP level 4. HP: 12/30 MP: 3/7
  2686 | D:3      | Killed Natasha
  2871 | D:3      | Reached XP level 5. HP: 28/35 MP: 5/9
  2872 | D:3      | Noticed Natasha
  2877 | D:3      | Killed Natasha
  3146 | D:3      | Noticed Natasha
  3152 | D:3      | Killed Natasha
  4080 | D:4      | Found a glowing drain.
  4088 | Sewer    | Entered a sewer
  4230 | Sewer    | Noticed Purgy
  4238 | Sewer    | Killed Purgy
  4238 | Sewer    | Reached skill level 6 in Summonings
  4238 | Sewer    | Reached XP level 6. HP: 24/41 MP: 1/10
  4350 | D:4      | Found a shadowy altar of Dithmenos.
  4763 | D:4      | Noticed a phantom
  4798 | D:4      | Killed a phantom
  5025 | D:4      | Noticed a centaur
  5037 | D:4      | Killed a centaur
  5261 | D:4      | Reached XP level 7. HP: 37/46 MP: 3/12
  5270 | D:4      | Found a stormy altar of Qazlal.
  5316 | D:4      | Noticed an ogre
  5327 | D:4      | Killed an ogre
  5327 | D:4      | Reached skill level 7 in Summonings
  5608 | D:5      | Entered Level 5 of the Dungeon
  5646 | D:5      | Found a burning altar of Makhleb.
  5757 | D:5      | Found a white marble altar of Elyvilon.
  5761 | D:5      | Found a staircase to the Ecumenical Temple.
  5769 | Temple   | Entered the Ecumenical Temple
  5853 | Temple   | Became a worshipper of Sif Muna the Loreminder
  5870 | D:5      | Learned a level 4 spell: Summon Ice Beast
  6101 | D:5      | Reached skill level 8 in Summonings
  6463 | D:5      | Noticed Crazy Yiuf
  6467 | D:5      | Killed Crazy Yiuf
  6537 | D:6      | Noticed an eight-headed hydra zombie
  6580 | D:6      | Killed a hydra zombie
  6580 | D:6      | Acquired Sif Muna's first power
  6580 | D:6      | Reached skill level 9 in Summonings
  6580 | D:6      | Reached XP level 8. HP: 23/52 MP: 13/13
  7041 | D:6      | Noticed Grinder
  7060 | D:6      | Paralysed by Grinder for 2 turns
  7071 | D:6      | Paralysed by Grinder for 7 turns
  7098 | D:6      | Killed Grinder
  7269 | D:6      | Reached skill level 10 in Summonings
  7487 | D:7      | Reached skill level 1 in Ice Magic
  7585 | D:7      | Found a radiant altar of Vehumet.
  7588 | D:7      | Found an opulent altar of Gozag.
  7589 | D:7      | Found a basalt altar of Yredelemnul.
  7589 | D:7      | Found a bloodstained altar of Trog.
  7590 | D:7      | Found an ancient bone altar of Kikubaaqudgha.
  7699 | D:7      | Acquired Sif Muna's second power
  7716 | D:7      | HP: 1/52 [hippogriff (6)]
  8837 | D:8      | Noticed Dowan
  8873 | D:8      | Noticed Duvessa
  8879 | D:8      | Killed Dowan
  8885 | D:8      | Killed Duvessa
  8916 | D:8      | Found a glowing golden altar of the Shining One.
  8925 | D:8      | Reached XP level 9. HP: 41/57 MP: 1/14
  8927 | D:8      | Reached skill level 5 in Ice Magic
  8931 | D:8      | Found a flagged portal.
  8982 | Bailey   | Entered a bailey
  9040 | Bailey   | Noticed an orc knight
  9071 | Bailey   | Killed an orc knight
  9418 | D:8      | Noticed Psyche
  9429 | D:8      | Killed Psyche
  9512 | D:8      | Noticed Erolcha
  9534 | D:8      | Killed Erolcha
  9534 | D:8      | Acquired Sif Muna's third power
 10221 | D:9      | Reached XP level 10. HP: 55/63 MP: 3/16
 10467 | D:9      | Reached skill level 10 in Ice Magic
 10578 | D:9      | Learned a level 4 spell: Summon Lightning Spire
 10618 | D:9      | Reached skill level 1 in Air Magic
 11471 | D:9      | Found a staircase to the Orcish Mines.
 11587 | D:10     | Entered Level 10 of the Dungeon
 11682 | D:10     | Noticed Maurice
 11702 | D:10     | Killed Maurice
 11825 | D:10     | Noticed a brown ugly thing
 11847 | D:10     | Killed a brown ugly thing
 11847 | D:10     | Reached skill level 5 in Air Magic
 11941 | D:10     | HP: 1/63 [steam dragon (10)]
 12289 | D:10     | Noticed a hill giant
 12296 | D:10     | Killed a hill giant
 12387 | D:10     | Noticed Erica
 12405 | D:10     | HP: 1/63 [Erica/scimitar of flaming (8)]
 12405 | D:10     | Slain by Erica

Action                   |  1- 3 |  4- 6 |  7- 9 | 10-12 || total
-------------------------+-------+-------+-------+-------++-------
Melee: Unarmed           |    57 |       |       |       ||    57
       Spear             |   126 |   114 |       |       ||   240
       Halberd           |       |    91 |   404 |   200 ||   695
 Cast: Summon Small Mamm |     4 |       |       |       ||     4
       Call Canine Famil |     2 |    13 |    25 |    10 ||    50
       Call Imp          |     1 |     7 |       |     2 ||    10
       Summon Ice Beast  |       |       |    36 |    37 ||    73
       Summon Lightning  |       |       |       |     2 ||     2
Invok: Channel Energy    |       |       |    64 |    34 ||    98
 Abil: Bottle Blood      |       |       |    15 |     4 ||    19
Evoke: Wand              |     2 |       |       |     4 ||     6
  Use: Potion            |     2 |     3 |    25 |     8 ||    38
       Scroll            |       |    15 |    14 |     6 ||    35
 Stab: Sleeping          |     7 |     5 |    15 |     4 ||    31
       Distracted        |     1 |     4 |     3 |     1 ||     9
       Invisible         |       |       |       |     1 ||     1
  Eat: Corpse            |    13 |    19 |    29 |    19 ||    80
